 Dungeon Crawl Stone Soup version 0.25-a0-583-g696c2ac64d (webtiles) character file.

Game seed: 17130614518633847129, levelgen mode: deterministic

266 Kohma the Insei (level 6, -3/42 HPs)
             Began as an Octopode Transmuter on Mar 8, 2020.
             Slain by an orc
             ... wielding a +2 mace of holy wrath
              (9 damage)
             ... on level 4 of the Dungeon.
             The game lasted 00:07:53 (3769 turns).

Kohma the Insei (Octopode Transmuter)               Turns: 3769, Time: 00:07:53

Health: -3/42      AC:  1    Str: 10    XL:     6   Next: 20%
Magic:  8/9        EV: 13    Int: 17    God:
Gold:   127        SH:  0    Dex: 12    Spells: 3/9 levels left

rFire    . . .     SeeInvis .     - Unarmed
rCold    . . .     Gourm    .   (no shield)
rNeg     . . .     Faith    .   (helmet restricted)
rPois    .         Spirit   .   (no amulet)
rElec    .         Reflect  .   (no ring)
rCorr    .         Harm     .   (no ring)
MR       .....                  (no ring)
Stlth    ++........             (no ring)
HPRegen  0.14/turn              (no ring)
MPRegen  0.11/turn              (no ring)
                                (no ring)
                                (no ring)

@: lethally poisoned (-3 -> -11), appendage
A: almost no armour, stealthy swim, amphibious, 8 rings, constrict 8, tentacle
spike 3, camouflage 1, gelatinous body 1
a: End Transformation


You were on level 4 of the Dungeon.
You were hungry.
One of your tentacles had a temporary spike.
You visited 1 branch of the dungeon, and saw 4 of its levels.

You collected 127 gold pieces.

Inventory:

Hand Weapons
 g - a cursed -2 dagger
Missiles
 a - 43 arrows
 b - 87 stones (quivered)
 e - 37 sling bullets
 f - 59 poisoned darts
Wands
 l - a wand of polymorph (10)
Scrolls
 d - a scroll of enchant weapon
 m - a scroll of teleportation
 o - 2 scrolls of blinking {unknown}
Potions
 h - a potion of degeneration {unknown}
 i - 2 potions of cancellation {unknown}
 j - 2 potions of mutation {unknown}
 k - a potion of haste {unknown}
Comestibles
 c - 6 rations
 n - 2 chunks of flesh


   Skills:
 + Level 3.1 Fighting
 - Level 2.0 Dodging
 * Level 5.4 Unarmed Combat
 - Level 2.0 Spellcasting
 - Level 3.0 Transmutations


You had 3 spell levels left.
You knew the following spells:

 Your Spells              Type           Power        Failure   Level  Hunger
a - Beastly Appendage     Tmut           ##....       5%          1    #......
b - Sticks to Snakes      Tmut           ##......     9%          2    ###....
c - Spider Form           Tmut/Pois      #.........   30%         3    ###....

Your spell library contained the following spells:

 Spells                   Type           Power        Failure   Level  Hunger
 Ice Form                 Ice/Tmut       #.......     71%         4    #####..
 Blade Hands              Tmut           ##........   83%         5    ######.


Dungeon Overview and Level Annotations

Branches:
Dungeon (4/15)
 Temple: D:4-7

Altars:
Ashenzari
Qazlal
Ru
Sif Muna
Uskayaw
Xom
Zin

Shops:
D:3 *


Innate Abilities, Weirdness & Mutations

You cannot wear most types of armour.
You are very stealthy in the water. (Stealth+)
You are amphibious.
You can wear up to eight rings at the same time.
You can use your tentacles to constrict eight enemies at once.
Your skin changes colour to match your surroundings (Stealth+).
Your rubbery body absorbs attacks. (AC +1, EV +1)
One of your tentacles bears a large vicious spike.


Message History

You feel sick. The worker ant bites you.
* * * LOW HITPOINT WARNING * * *
The orc barely misses you.
You tentacle-slap the worker ant.
You kill the worker ant!
* * * LOW HITPOINT WARNING * * *
You feel sick.
You barely miss the orc. Your grab misses the orc.
* * * LOW HITPOINT WARNING * * *
You feel sick. The orc barely misses you. x2
You tentacle-slap the orc. You grab the orc.
You pierce the orc.
You kill the orc!
The orc hits you with a +2 mace of holy wrath.
* * * LOW HITPOINT WARNING * * *
You closely miss the orc. Your grab misses the orc.
You pierce the orc, but do no damage.
Your squeeze misses the orc.
* * * LOW HITPOINT WARNING * * *
You feel sick.
The orc hits you with a +2 mace of holy wrath!
You die...

#.# #.. #.# #.#
###.##############.#
.........(.........
#.#####.#######......#..
........................
.#.....#.....#.#.##.#.#
#.#.###.#+###.#.#..._..#
#......@...##.#.#.##.###
###.#..)o..##.#.........
#........##.....######
######...######## #...#
#########...#
#...........#
#...........#
#...........#


You could see an orc.

Vanquished Creatures
  A scorpion (D:4)
  Terence (D:3)
  2 worker ants (D:4)
  4 gnolls (D:3)
  2 adders
  4 worms
  3 leopard geckos
  8 orcs
  3 giant cockroaches
  5 hobgoblins
  3 jackals (D:3)
  8 kobolds
  3 ball pythons (D:2)
  9 bats
  3 frilled lizards
  6 goblins
  A quokka zombie (D:2)
  4 rats
70 creatures vanquished.

Vanquished Creatures (collateral kills)
  An orc (D:3)
  A ball python (D:3)
2 creatures vanquished.

Grand Total: 72 creatures vanquished

Notes
Turn   | Place    | Note
-------+----------+-------------------------------------------
     0 | D:1      | Kohma the Octopode Transmuter began the quest for the Orb.
     0 | D:1      | Reached XP level 1. HP: 13/13 MP: 3/3
   517 | D:1      | Reached XP level 2. HP: 11/18 MP: 3/5
   679 | D:1      | Learned a level 2 spell: Sticks to Snakes
  1191 | D:2      | Reached XP level 3. HP: 9/23 MP: 4/6
  1199 | D:2      | Learned a level 3 spell: Spider Form
  1488 | D:2      | Found a stormy altar of Qazlal.
  2038 | D:3      | Noticed Terence
  2048 | D:3      | Killed Terence
  2048 | D:3      | Reached skill level 4 in Unarmed Combat
  2048 | D:3      | Reached XP level 4. HP: 23/29 MP: 0/7
  2154 | D:3      | Found a shimmering blue altar of Sif Muna.
  2190 | D:3      | Found a sacrificial altar of Ru.
  2552 | D:3      | Reached XP level 5. HP: 24/35 MP: 3/8
  2706 | D:3      | Found Zin's Purification Station.
  2711 | D:3      | Found a glowing silver altar of Zin.
  3384 | D:3      | Found a shattered altar of Ashenzari.
  3431 | D:3      | Found a hide-covered altar of Uskayaw.
  3626 | D:4      | Found a shimmering altar of Xom.
  3684 | D:4      | Reached skill level 5 in Unarmed Combat
  3729 | D:4      | Reached XP level 6. HP: 31/42 MP: 9/9
  3769 | D:4      | Slain by an orc

Levels and vault maps discovered:
D:1:      grunt_arrival_crossed_arrows, layout_loops_cross, serial_bayou_pond_c
D:2:      layout_rooms, overflow_temple_1_default
D:3:      minmay_chambers_of_threes, layout_rooms,
          nicolae_ru_sacrificial_ziggurat, ashenzari_conservatory_becter,
          zin_purify, eat_drink_and_be_merry_uskayaw,
          lemuel_coloured_pillars_altar, first_ration, minmay_unequal,
          uniq_terence
D:4:      layout_basic, lemuel_crystal_altar

Skill      XL: |  1  2  3  4  5 |
---------------+----------------+-----
Fighting       | 2 3 |  3.1
Unarmed Combat | 4 5 |  5.4
Transmutations | 3 |  3.0
Dodging        | |  2.0
Spellcasting   | |  2.0

Action                   |  1- 3 |  4- 6 || total
-------------------------+-------+-------++-------
Melee: Unarmed           |    79 |    94 ||   173
       Kick              |    18 |    22 ||    40
       Constrict         |    18 |    21 ||    39
       Tentacles         |    10 |    11 ||    21
       Punch             |       |     2 ||     2
 Cast: Beastly Appendage |    19 |    12 ||    31
       Sticks to Snakes  |     1 |     8 ||     9
       Spider Form       |     1 |     1 ||     2
  Use: Scroll            |       |     4 ||     4
 Stab: Sleeping          |     4 |     3 ||     7
  Eat: Chunk             |     3 |     4 ||     7
       Ration            |       |     1 ||     1
Armor: Skin              |    11 |     5 ||    16
Dodge: Dodged            |    74 |    72 ||   146

Table legend:
 A = Non-vault XP
 B = Vault XP
 C = Vault XP percentage of total XP
 D = Non-vault monster count
 E = Vault monster count
 F = Vault count percentage of total count
                 A         B        C        D         E       F
            +---------+---------+-------+---------+---------+-------
      Total |     305 |      75 |  19.7 |      58 |      14 |  19.4
            +---------+---------+-------+---------+---------+-------
        D:1 |      18 |       0 |   0.0 |      12 |       0 |   0.0
        D:2 |      50 |       0 |   0.0 |      19 |       0 |   0.0
        D:3 |      93 |      75 |  44.6 |      21 |      14 |  40.0
        D:4 |     144 |       0 |   0.0 |       6 |       0 |   0.0
            +---------+---------+-------+---------+---------+-------
